 Dungeon Crawl Stone Soup version 0.26.1-2-gb8aa6d0cf2 (webtiles) character file.

Game seed: 8989271614376964365

232486 Cykl0x the Peltast (level 18, 0/162 HPs)
             Began as a Minotaur Fighter on Mar 29, 2021.
             Was the Champion of the Shining One.
             Slain by a tengu reaver
             ... wielding a +2 dire flail of draining
              (2 damage)
             ... while paralysed by a great orb of eyes
             ... on level 2 of the Vaults.
             The game lasted 01:13:20 (32502 turns).

Cykl0x the Peltast (Minotaur Fighter)              Turns: 32502, Time: 01:13:20

Health: 0/162      AC: 26    Str: 31    XL:     18   Next: 82%
Magic:  27/27      EV:  2    Int:  5    God:    the Shining One [******]
Gold:   3137       SH:  0    Dex: 11    Spells: 17/17 levels left

rFire    + . .     SeeInvis .   T - +7 Screaming Sword {vorpal, sonic wave}
rCold    + + .     Faith    .   G - +2 tower shield
rNeg     + + +     Spirit   .   l - +5 chain mail of the Other Side {rC+++}
rPois    +         Reflect  +   (helmet restricted)
rElec    +         Harm     .   O - +2 cloak of Boredom {rF+ rC- rN+ Slay+3}
rCorr    +         Rampage  .   J - +0 pair of gloves {archery}
Will     +....                  P - +0 pair of boots of Jacwif {rElec Str+3 Stlth+}
Stlth    ..........             B - amulet of reflection
HPRegen  0.37/turn              C - ring of poison resistance
MPRegen  0.20/turn              Y - ring of resist corrosion

@: paralysed, divine shield, glowing
A: retaliatory headbutt, horns 2, talons 1, icy blue scales 1
}: 1/15 runes: gossamer
a: Renounce Religion, Divine Shield, Cleansing Flame, Summon Divine Warrior,
Brand Weapon With Holy Wrath


You were on level 2 of the Vaults.
You worshipped the Shining One.
The Shining One was exalted by your worship.
You visited 6 branches of the dungeon, and saw 30 of its levels.
You also visited: Ossuary, Gauntlet and Ice Cave.

You collected 3174 gold pieces.
You donated 37 gold pieces to Zin.

Inventory:

Hand Weapons
 T - the +7 Screaming Sword (weapon) {vorpal, sonic wave}
   (You acquired it on level 5 of the Lair of Beasts)

   It inflicts extra damage upon your enemies.
 U - a +4 scimitar of flaming
Missiles
 e - 756 stones
 F - 12 silver javelins
 N - 3 silver boomerangs (quivered)
 S - 6 curare-tipped darts
Armour
 l - the +5 chain mail of the Other Side (worn) {rC+++}
   (You found it on level 4 of the Dungeon)

   It renders you almost immune to cold.
 G - a +2 tower shield (worn)
 J - a +0 pair of gloves of archery (worn)
 O - the +2 cloak of Boredom (worn) {rF+ rC- rN+ Slay+3}
   (You found it in a Gauntlet)

   It affects your accuracy and damage with ranged weapons and melee attacks
   (+3).
   It protects you from fire.
   It makes you vulnerable to cold.
   It protects you from negative energy.
 P - the +0 pair of boots of Jacwif (worn) {rElec Str+3 Stlth+}
   (You found it in a Gauntlet)

   It affects your strength (+3).
   It insulates you from electricity.
   It makes you more stealthy.
Jewellery
 w - an uncursed ring of flight
 B - an amulet of reflection (around neck)
 C - a ring of poison resistance (left hand)
 L - an uncursed ring of protection from fire
 M - an uncursed ring of protection from cold
 R - an uncursed ring of willpower
 Y - a ring of resist corrosion (right hand)
Wands
 i - a wand of flame (78)
 j - a wand of polymorph (28)
 q - a wand of disintegration (13)
 r - a wand of acid (25)
 z - a wand of iceblast (14)
 D - a wand of paralysis (16)
 Q - a wand of enslavement (19)
 V - a wand of digging (8)
Scrolls
 a - 3 scrolls of fear
 b - 17 scrolls of identify
 g - 5 scrolls of enchant weapon
 k - 4 scrolls of amnesia
 m - 3 scrolls of immolation
 t - 18 scrolls of remove curse
 x - 4 scrolls of summoning
 y - 5 scrolls of magic mapping
 H - 3 scrolls of fog
 I - 11 scrolls of teleportation
 K - 2 scrolls of enchant armour
Potions
 d - 5 potions of might
 f - 10 potions of flight
 h - 2 potions of ambrosia
 n - 2 potions of haste
 o - 7 potions of brilliance
 p - 4 potions of mutation
 s - 14 potions of curing
 u - 4 potions of berserk rage
 v - 4 potions of heal wounds
 A - 3 potions of magic
 E - 3 potions of cancellation
 W - a potion of resistance


   Skills:
 + Level 14.8 Fighting
 + Level 2.3(11.3) Short Blades
 + Level 17.7(17.8) Long Blades
 + Level 11.6 Throwing
 + Level 12.8 Armour
 + Level 9.2 Dodging
 + Level 20.6 Shields
 + Level 0.7 Unarmed Combat
 + Level 13.5 Invocations
 + Level 1.1 Evocations


You had 17 spell levels left.
You didn't know any spells.
Your spell library contained the following spells:

 Spells                   Type           Power        Failure   Level
 Summon Small Mammal      Summ           0%           97%         1
 Call Imp                 Summ           0%           99%         2
 Call Canine Familiar     Summ           0%           100%        3
 Confusing Touch          Hex            0%           100%        3
 Gell's Gravitas          Tloc           0%           100%        3
 Summon Guardian Golem    Hex/Summ       0%           100%        3
 Ice Form                 Ice/Tmut       0%           100%        4
 Petrify                  Tmut/Erth      0%           100%        4
 Summon Ice Beast         Ice/Summ       0%           100%        4
 Summon Lightning Spire   Summ/Air       0%           100%        4
 Irradiate                Conj/Tmut      0%           100%        5
 Metabolic Englaciation   Hex/Ice        0%           100%        5
 Yara's Violent Unravell  Hex/Tmut       0%           100%        5
 Freezing Cloud           Conj/Ice/Air   0%           100%        6
 Hydra Form               Tmut           0%           100%        6
 Ozocubu's Refrigeration  Ice            0%           100%        6
 Simulacrum               Ice/Necr       0%           100%        6
 Statue Form              Tmut/Erth      0%           100%        6
 Dragon Form              Tmut           0%           100%        7


Dungeon Overview and Level Annotations

Branches:
Dungeon (15/15)            Temple (1/1) D:5            Lair (6/6) D:9
 Shoals (0/4) Lair:3       Spider (4/4) Lair:2        Slime (0/5) Lair:6
    Orc (2/2) D:9             Elf (0/3) Orc:2        Vaults (2/5) D:13
 Depths (0/5) D:15        Ossuary (visited)           IceCv (visited)
Gauntlet (visited)
  Crypt: Vaults:2-3

Altars:
Ashenzari
Cheibriados
Dithmenos
Elyvilon
Fedhas
Gozag
Hepliaklqana
Kikubaaqudgha
Makhleb
Nemelex Xobeh
Okawaru
Qazlal
Ru
Sif Muna
Trog
Uskayaw
Vehumet
Wu Jian
Xom
Yredelemnul
Zin
The Shining One
Beogh
Jiyva

Shops:
Orc:2 ((?*


Innate Abilities, Weirdness & Mutations

You reflexively headbutt those who attack you in melee.
You have a pair of horns on your head.
You have sharp toenails.
You are partially covered in icy blue scales. (AC +2)


Message History

The tengu reaver claws you but does no damage.
The deep elf high priest calls down the wrath of its god upon you.
Something smites you!
* * * LOW HITPOINT WARNING * * *
The deep elf demonologist hits you but does no damage.
The reaper hits you from afar with a +2 scythe of flaming!!
The Shining One protects you from harm! The reaper burns you.
* * * LOW HITPOINT WARNING * * *
The great orb of eyes bites you but does no damage.
The titan waves its arms in wide circles.
The air twists around and strikes you!
* * * LOW HITPOINT WARNING * * *
The boggart mumbles some strange words.
The ogre mage hits you but does no damage.
The tengu reaver hits you but does no damage.
The tengu reaver pecks you.
* * * LOW HITPOINT WARNING * * *
The tengu reaver claws you.
You die...

#.#######################.# #.#
.... #p#.#.#.#.#..8#.######
#.#(..# . ..............#.#.....
#.#..##.p...O##.##.##..⌠#.#.....
#.#8G....###............#.#.....
#.#e.#.....####.O.#8...8#.#.....
##.#e.#####... ##p####'###.#.....
#..#♣..8.8pg..C#GO8#⌠:[#...#.....
#.©#Q)p.....CReQ@*2#_:.#©..'....[
#..#♣gp8.8....C#e28#⌠::#...#.....
##.#eR#####)). ##'####'###.#.....
#.#Ce#.....####...#8...8#.#.....
#.#8.....###....|.......#.#.....
#.#..##......##.##.##..⌠#.#.....
#.#...# . ..............#.###'##
#.# .... #.#.#.#.#.#..8#.##....
#.#######################.##....


You could see 2 titans, a fire giant, a tengu reaver (soul bound), a reaper
(summoned), a great orb of eyes, a rakshasa, 2 ogre magi, a deep elf
demonologist (soul bound), a deep elf high priest (soul bound), a necromancer
(invisible), a wizard (summoned), a hellion (summoned), a boggart and a
battlesphere.

Vanquished Creatures
  Margery (Vaults:2)
  Arachne (Spider:4)
  Nikola (Spider:1)
  Kirke (Lair:4)
  The ghost of DwarfAlpaca the Contaminator, an adept NaVM of Ru (Spider:2)
  A fire giant (D:15)
  4 ghost moths
  3 vault wardens (Vaults:1)
  2 emperor scorpions
  Aizul (Spider:3)
  A frost giant (IceCv)
  A cacodemon (Gauntlet)
  A reaper (Gauntlet)
  2 ironheart preservers
  A war gargoyle (Vaults:2)
  A dire elephant (Lair:6)
  A deep elf demonologist (Vaults:2)
  9 entropy weavers
  Azrael (Spider:1)
  5 spark wasps
  The ghost of Mebb the Imperceptible, a journeyman SpEn of Gozag (D:13)
  Snorg (D:13)
  An ettin (Orc:2)
  A fire dragon (Vaults:1)
  A yaktaur captain (Vaults:1)
  A great orb of eyes (Vaults:1)
  12 hydras
  6 vault guards (Vaults:1)
  4 boulder beetles
  A merfolk avatar (Lair:6)
  2 catoblepae (Lair:2)
  4 centaur warriors
  A queen ant (Spider:3)
  2 dancing weapons (D:13)
  2 deep troll shamans (Vaults:2)
  15 death yaks
  An ogre mage (Vaults:2)
  6 two-headed ogres
  2 tengu warriors (D:15)
  An orc high priest (Orc:2)
  A fire crab (Lair:6)
  5 hell knights (Vaults:2)
  A spectral entropy weaver (Spider:2)
  A spectral spark wasp (Spider:2)
  2 deep trolls (Vaults:2)
  A sea snake (Lair:6)
  An orange crystal statue (Gauntlet)
  A death drake (shapeshifter) (D:14)
  3 unseen horrors
  4 skeletal warriors (Vaults:2)
  Pikel (D:8)
  2 wizards (Vaults:2)
  A deep elf archer (Vaults:1)
  A spectral wolf spider (Spider:2)
  20 orb spiders
  9 orc knights
  A harpy (Lair:6)
  An orb spider (shapeshifter) (Vaults:1)
  An ironbrand convoker (Vaults:1)
  2 necromancers (Vaults:2)
  29 wolf spiders
  19 ugly things
  A salamander (shapeshifter) (Vaults:1)
  7 cyclopes
  2 orc sorcerers
  An oklob plant (Lair:2)
  A merfolk siren (Lair:3)
  4 manticores
  A moth of wrath (Spider:4)
  4 vault sentinels
  4 centaur zombies
  An ice statue (IceCv)
  6 black mambas
  12 elephants
  A smoke demon (Gauntlet)
  16 cane toads
  5 torpor snails
  2 gargoyles
  8 rime drakes
  2 large abominations (Gauntlet)
  A spectral redback (Spider:2)
  7 komodo dragons
  7 demonic crawlers
  6 kobold demonologists
  13 yaktaurs (Vaults:1)
  A freezing wraith (Vaults:2)
  A red devil (Gauntlet)
  A tengu conjurer (D:15)
  2 ice devils (D:11)
  A hellwing (Gauntlet)
  8 trolls
  17 polar bears
  34 jumping spiders
  A spectral jumping spider (Spider:2)
  4 slime creatures
  5 blink frogs (Lair:3)
  13 hornets
  Grinder (D:5)
  6 dream sheep (Lair:6)
  A meliai zombie (D:14)
  A shadow (D:12)
  82 redbacks
  5 wyverns
  3 wraiths
  2 vampires
  41 tarantellas
  Grum (D:8)
  77 yaks
  2 hogs (Lair:4)
  4 fire elementals (Spider:1)
  2 basilisks
  A steam dragon (shapeshifter) (D:15)
  3 vampire mosquitoes (D:15)
  An acid dragon (D:12)
  11 wargs
  An acid dragon (shapeshifter) (D:15)
  26 soldier ants
  15 water moccasins
  A tarantella simulacrum (Spider:2)
  2 jumping spider simulacra (Spider:2)
  53 orc warriors
  A black bear (D:9)
  4 necrophages
  4 sky beasts
  An eye of draining (shapeshifter) (Vaults:2)
  A hornet zombie (D:7)
  3 phantoms
  An eye of draining (D:13)
  8 ice beasts
  21 ogres
  21 centaurs
  3 boggarts (Vaults:1)
  33 wolves
  2 lemures (D:8)
  3 small abominations (Gauntlet)
  13 big kobolds
  15 bullfrogs
  2 gnoll sergeants (D:8)
  A wyvern zombie (D:13)
  8 scorpions
  An orc simulacrum (Vaults:1)
  18 wights
  6 howler monkeys
  7 electric eels
  2 bullfrog zombies (D:13)
  4 crimson imps (Gauntlet)
  6 jellies
  A bullfrog skeleton (D:4)
  12 hounds
  17 orc priests
  4 human zombies (D:8)
  9 centaur skeletons
  7 gnoll shamans
  8 iguanas
  14 orc wizards
  2 human skeletons (D:8)
  11 hell rats
  32 worker ants
  4 hound zombies
  14 mummies (Ossuary)
  21 gnolls
  A worker ant zombie (D:9)
  13 adders
  2 shadow imps
  2 white imps
  An ufetubus (D:10)
  An ooze (Lair:6)
  4 adder skeletons
  3 worms
  A dart slug (D:3)
  2 leopard geckos
  97 orcs
  8 giant cockroaches
  10 goblins
  9 hobgoblins
  10 jackals
  14 kobolds
  4 quokkas
  2 ball pythons
  4 bats
  8 frilled lizards
  A gnoll skeleton (Ossuary)
  3 goblin skeletons (Ossuary)
  A jackal zombie (D:5)
  A kobold skeleton (Ossuary)
  3 orc skeletons (Ossuary)
  15 rats
  11 rat skeletons (Ossuary)
  A bush (Lair:2)
1330 creatures vanquished.

Vanquished Creatures (collateral kills)
  Frances (D:12)
  A minotaur (Gauntlet)
  5 slime creatures (D:12)
  A soldier ant (D:12)
  A howler monkey (D:12)
  2 orcs (D:12)
11 creatures vanquished.

Vanquished Creatures (others)
  A rakshasa (Vaults:1)
  A manticore (D:12)
  A jumping spider (Spider:1)
  2 big kobolds
  A kobold (D:9)
  2 bushes
  A demonic plant (Gauntlet)
  49 fungi
  95 plants
153 creatures vanquished.

Grand Total: 1494 creatures vanquished

Notes
Turn   | Place    | Note
-------+----------+-------------------------------------------
     0 | D:1      | Cykl0x the Minotaur Fighter began the quest for the Orb.
     0 | D:1      | Reached XP level 1. HP: 19/19 MP: 0/0
   160 | D:1      | Reached XP level 2. HP: 27/27 MP: 1/1
   821 | D:2      | Reached skill level 1 in Dodging
   821 | D:2      | Reached skill level 4 in Shields
   821 | D:2      | Reached XP level 3. HP: 31/33 MP: 2/2
  1890 | D:3      | Reached XP level 4. HP: 40/40 MP: 3/3
  2052 | D:3      | Reached skill level 1 in Throwing
  2255 | D:3      | Reached XP level 5. HP: 46/46 MP: 4/4
  2567 | D:2      | Found a bloodstained altar of Trog.
  2812 | D:3      | Found a snail-covered altar of Cheibriados.
  3126 | D:4      | Noticed an ogre
  3130 | D:4      | Killed an ogre
  3131 | D:4      | Reached skill level 5 in Long Blades
  3131 | D:4      | Reached XP level 6. HP: 46/53 MP: 5/5
  3237 | D:4      | Got a steaming chain mail
  3247 | D:4      | Identified the +5 chain mail of the Other Side {rC+++} (You
                  | found it on level 4 of the Dungeon)
  3598 | D:4      | Found a shimmering altar of Xom.
  3656 | D:4      | Reached XP level 7. HP: 60/60 MP: 6/6
  3668 | D:4      | Reached skill level 5 in Shields
  3851 | D:5      | Entered Level 5 of the Dungeon
  3923 | D:5      | Noticed Grinder
  3933 | D:5      | Reached skill level 5 in Fighting
  3966 | D:5      | Killed Grinder
  3967 | D:5      | Reached skill level 5 in Armour
  4009 | D:5      | Got a steaming rapier
  4033 | D:5      | Found a staircase to the Ecumenical Temple.
  4038 | Temple   | Entered the Ecumenical Temple
  4043 | Temple   | Became a worshipper of Zin the Law-Giver
  4043 | Temple   | Reached * piety under Zin
  4158 | D:5      | Found a sand-covered staircase.
  4167 | Ossuary  | Entered an ossuary
  4316 | Ossuary  | Reached XP level 8. HP: 67/68 MP: 7/7
  4421 | Ossuary  | Reached ** piety under Zin
  4878 | D:5      | Identified the +2 rapier of Okawaru {venom, Str+6} (You
                  | found it on level 5 of the Dungeon)
  5103 | D:5      | Reached *** piety under Zin
  5248 | D:5      | Reached skill level 6 in Shields
  5464 | D:6      | Reached skill level 5 in Dodging
  5639 | D:6      | Reached skill level 1 in Invocations
  5855 | D:6      | You fall into a shaft and drop 2 floors!
  5865 | D:8      | Noticed Pikel
  5886 | D:8      | Killed Pikel
  5887 | D:8      | Reached skill level 7 in Shields
  5887 | D:8      | Reached XP level 9. HP: 74/75 MP: 7/9
  6450 | D:7      | Reached skill level 10 in Long Blades
  6450 | D:7      | Reached skill level 8 in Shields
  6839 | D:6      | Found a hazy altar of Hepliaklqana.
  6899 | D:6      | Identified a scroll of acquirement
  6899 | D:6      | Acquired a +0 pair of gloves of archery
  7148 | D:7      | Found a broken altar of Ashenzari.
  7181 | D:7      | Reached XP level 10. HP: 84/84 MP: 12/12
  7405 | D:7      | Found a glowing golden altar of the Shining One.
  7405 | D:7      | Found a burning altar of Makhleb.
  7405 | D:7      | Found a radiant altar of Vehumet.
  7412 | D:7      | Fell from the grace of Zin
  7412 | D:7      | Became a worshipper of the Shining One
  7412 | D:7      | Reached * piety under the Shining One
  7795 | D:7      | Reached ** piety under the Shining One
  7819 | D:7      | Reached skill level 9 in Shields
  8839 | D:8      | Noticed Grum
  8855 | D:8      | Killed Grum
  9112 | D:8      | Found an ancient bone altar of Kikubaaqudgha.
  9165 | D:8      | Reached *** piety under the Shining One
  9172 | D:8      | Reached skill level 5 in Invocations
  9311 | D:9      | Reached skill level 10 in Shields
  9399 | D:9      | Found a staircase to the Lair.
  9737 | D:9      | Found a staircase to the Orcish Mines.
  9768 | D:9      | Found a roughly hewn altar of Beogh.
  9999 | D:10     | Entered Level 10 of the Dungeon
 10000 | D:10     | Reached **** piety under the Shining One
 10022 | D:10     | Reached XP level 11. HP: 93/93 MP: 14/14
 10665 | D:11     | Noticed a seven-headed hydra
 10668 | D:11     | Noticed a white ugly thing
 10697 | D:11     | Killed an eight-headed hydra
 10698 | D:11     | Reached skill level 11 in Shields
 10704 | D:11     | Killed a white ugly thing
 10709 | D:11     | Noticed a boulder beetle
 10729 | D:11     | Killed a boulder beetle
 10730 | D:11     | Reached skill level 1 in Short Blades
 10771 | D:11     | Noticed a purple ugly thing
 10773 | D:11     | Noticed a cyan ugly thing
 10797 | D:11     | Killed a white ugly thing
 10804 | D:11     | Killed a white ugly thing
 11002 | D:11     | Found a frozen archway.
 11026 | IceCv    | Entered an ice cave
 11036 | IceCv    | Reached ***** piety under the Shining One
 11265 | IceCv    | Reached XP level 12. HP: 101/103 MP: 16/16
 11339 | IceCv    | Reached skill level 12 in Shields
 11461 | IceCv    | Noticed a death yak
 11462 | IceCv    | Noticed a death yak
 11470 | IceCv    | Killed a death yak
 11483 | IceCv    | Killed a death yak
 11932 | IceCv    | Noticed a frost giant
 11932 | IceCv    | Noticed a death yak
 11961 | IceCv    | Killed a death yak
 11980 | IceCv    | Killed a frost giant
 12001 | IceCv    | Reached skill level 13 in Shields
 12477 | D:11     | Noticed a two-headed ogre
 12484 | D:11     | Killed a two-headed ogre
 12883 | D:12     | Noticed Frances
 12895 | D:12     | Killed Frances
 12920 | D:12     | Reached XP level 13. HP: 81/111 MP: 2/18
 13749 | D:13     | Found a hazy altar of Hepliaklqana.
 13881 | D:13     | Found a gate to the Vaults.
 13917 | D:13     | Found a gate leading to a gauntlet.
 13923 | Gauntlet | Entered a Gauntlet
 13923 | Gauntlet | Found a transporter.
 14116 | Gauntlet | Found a transporter.
 14119 | Gauntlet | Found a transporter.
 14120 | Gauntlet | Found a transporter.
 14124 | Gauntlet | Found a runed translucent door.
 14126 | Gauntlet | Found a runed translucent door.
 14128 | Gauntlet | Found a transporter.
 14131 | Gauntlet | Found a transporter.
 14132 | Gauntlet | Found a transporter.
 14140 | Gauntlet | Noticed a cacodemon
 14142 | Gauntlet | Found a transporter.
 14144 | Gauntlet | Found a transporter.
 14145 | Gauntlet | Found a transporter.
 14156 | Gauntlet | Found a transporter.
 14157 | Gauntlet | Found a transporter.
 14161 | Gauntlet | Noticed a reaper
 14170 | Gauntlet | Found a transporter.
 14190 | Gauntlet | Found a transporter.
 14388 | Gauntlet | Gained mutation: You are strong-willed. (Will+) [a
                  | cacodemon]
 14391 | Gauntlet | Killed a cacodemon
 14416 | Gauntlet | Got a slimy cloak
 14446 | Gauntlet | Identified the +2 cloak of Boredom {rF+ rC- rN+ Slay+3}
                  | (You found it in a Gauntlet)
 14603 | Gauntlet | Lost intelligence.
 14618 | Gauntlet | Gained mutation: Your magical capacity is low. (-10% MP) [a
                  | neqoxec]
 14618 | Gauntlet | Gained mutation: Scrolls take you a little longer to read.
                  | [a neqoxec]
 14742 | Gauntlet | Killed a reaper
 14743 | Gauntlet | Reached skill level 10 in Fighting
 14743 | Gauntlet | Reached skill level 14 in Shields
 14887 | Gauntlet | Identified the cursed +1 scale mail of Resilience {rC+}
 14887 | Gauntlet | Noticed a minotaur
 14897 | Gauntlet | HP: 5/113 [minotaur/silver javelin (4)]
 14897 | Gauntlet | Killed a minotaur
 15160 | Gauntlet | Got a pair of warped boots
 15168 | Gauntlet | Identified the cursed +0 pair of boots of Jacwif {rElec
                  | Str+3 Stlth+} (You found it in a Gauntlet)
 15236 | D:13     | Found a runed translucent gate.
 15236 | D:13     | Found a runed translucent gate.
 15236 | D:13     | Found a runed translucent gate.
 15236 | D:13     | Identified the +8 short sword "Gotua" {elec, rF++ Dex-5
                  | SInv}
 15237 | D:13     | Noticed Mebb's ghost (journeyman SpEn)
 15239 | D:13     | Identified the +10 whip of Tamuduih {elec, Dex+2}
 15275 | D:13     | Killed Mebb's ghost
 15276 | D:13     | Reached skill level 10 in Invocations
 15602 | D:13     | Noticed Snorg
 15617 | D:13     | Killed Snorg
 15884 | D:13     | You fall into a shaft and drop 1 floor!
 15974 | D:14     | Found a stormy altar of Qazlal.
 16177 | D:14     | Reached XP level 14. HP: 122/122 MP: 14/18
 16290 | D:14     | Reached skill level 15 in Shields
 16315 | D:14     | Got an ichor-stained scale mail
 16325 | D:14     | Identified the +6 scale mail "Oqiaqif" {Harm +Fly} (You
                  | found it on level 14 of the Dungeon)
 16822 | D:14     | Reached skill level 10 in Armour
 16921 | D:15     | Entered Level 15 of the Dungeon
 16959 | D:15     | Reached ****** piety under the Shining One
 16977 | D:15     | Reached skill level 5 in Throwing
 17023 | D:15     | Found a staircase to the Depths.
 17024 | D:15     | Noticed a fire giant
 17045 | D:15     | Killed a fire giant
 18044 | D:15     | Reached skill level 15 in Long Blades
 18475 | Lair:1   | Entered Level 1 of the Lair of Beasts
 19261 | Lair:2   | Reached skill level 16 in Shields
 19530 | Lair:2   | Found a hole to the Spider Nest.
 19590 | Lair:2   | Reached XP level 15. HP: 130/130 MP: 20/20
 20592 | Lair:3   | Found a staircase to the Shoals.
 20618 | Lair:3   | Got a flickering marble ring
 20811 | Lair:3   | Identified the ring "Hupoill" {Ice rElec} (You found it on
                  | level 3 of the Lair of Beasts)
 20881 | Lair:3   | Found a snail-covered altar of Cheibriados.
 21640 | Lair:4   | Noticed Kirke
 21646 | Lair:4   | Killed Kirke
 22368 | Lair:5   | Found a sparkling altar of Nemelex Xobeh.
 23245 | Lair:5   | Acquired the +7 Singing Sword {vorpal, sonic wave}
 23245 | Lair:5   | Found the +7 Singing Sword {vorpal, sonic wave}
 23246 | Lair:5   | Lost mutation: You are strong-willed. (Will+) [potion of
                  | mutation]
 23246 | Lair:5   | Lost mutation: Scrolls take you a little longer to read.
                  | [potion of mutation]
 23246 | Lair:5   | Lost mutation: Your magical capacity is low. (-10% MP)
                  | [potion of mutation]
 23246 | Lair:5   | Gained mutation: You are partially covered in icy blue
                  | scales. (AC +2) [potion of mutation]
 23246 | Lair:5   | Gained mutation: You have sharp toenails. [potion of
                  | mutation]
 23270 | Lair:6   | Entered Level 6 of the Lair of Beasts
 23292 | Lair:6   | Paralysed by a hornet for 1 turns
 23299 | Lair:6   | Reached skill level 17 in Shields
 23491 | Lair:6   | Reached XP level 16. HP: 96/139 MP: 24/24
 23820 | Lair:6   | Got a smoking cloak
 23830 | Lair:6   | Identified the cursed +0 cloak of the Fife {*Slow rElec rC-
                  | Int+10} (You found it on level 6 of the Lair of Beasts)
 24184 | Lair:6   | Found a runed translucent door.
 24186 | Lair:6   | Found a viscous altar of Jiyva.
 24188 | Lair:6   | Found a staircase to the Slime Pits.
 24738 | Orc:1    | Entered Level 1 of the Orcish Mines
 24789 | Orc:2    | Entered Level 2 of the Orcish Mines
 24790 | Orc:2    | Found a staircase to the Elven Halls.
 24801 | Orc:2    | Found a burning altar of Makhleb.
 25071 | Orc:2    | Found Famp's Antique Weapon Shoppe.
 25071 | Orc:2    | Found Namucles's Magic Scroll Boutique.
 25075 | Orc:2    | Found Tiyv's General Store.
 25077 | Orc:2    | Found Nune's Antique Weapon Emporium.
 25594 | Orc:1    | Found a bloodstained altar of Trog.
 26196 | Spider:1 | Entered Level 1 of the Spider Nest
 26514 | Spider:1 | Reached skill level 18 in Shields
 26747 | Spider:1 | Noticed Nikola
 26753 | Spider:1 | Killed Nikola
 26970 | Spider:1 | Noticed Azrael
 26984 | Spider:1 | Killed Azrael
 27527 | Spider:2 | Found a runed translucent gate.
 27528 | Spider:2 | Found a runed translucent gate.
 27528 | Spider:2 | Found a runed translucent gate.
 27530 | Spider:2 | Noticed DwarfAlpaca's ghost (adept NaVM)
 27553 | Spider:2 | Killed DwarfAlpaca's ghost
 27558 | Spider:2 | Reached XP level 17. HP: 148/149 MP: 26/26
 27563 | Spider:2 | Got a flickering ruby amulet
 27564 | Spider:2 | Identified the amulet "Ocym" {Spirit rPois Str+4 Dex+3}
                  | (You found it on level 2 of the Spider Nest)
 28040 | Spider:3 | Noticed Aizul
 28051 | Spider:3 | Killed Aizul
 28567 | Spider:3 | Reached skill level 10 in Throwing
 28567 | Spider:3 | Reached skill level 19 in Shields
 29121 | Spider:4 | Entered Level 4 of the Spider Nest
 29247 | Spider:4 | Noticed Arachne
 29284 | Spider:4 | Killed Arachne
 29565 | Spider:4 | Reached skill level 1 in Evocations
 29654 | Spider:4 | Was placed under penance by the Shining One
 29766 | Spider:4 | Reached XP level 18. HP: 67/159 MP: 1/27
 29954 | Spider:4 | Got a gossamer rune of Zot
 30429 | Vaults:1 | Entered Level 1 of the Vaults
 30798 | Vaults:1 | Reached skill level 20 in Shields
 31973 | Vaults:2 | Noticed Margery
 31973 | Vaults:2 | Was forgiven by the Shining One
 31984 | Vaults:2 | Killed Margery
 32351 | Vaults:2 | Found a transporter.
 32352 | Vaults:2 | Found a radiant altar of Vehumet.
 32498 | Vaults:2 | Paralysed by a great orb of eyes for 7 turns
 32502 | Vaults:2 | The Shining One protects you from harm!
 32502 | Vaults:2 | HP: 4/162 [titan (illusionary)/the air (11)]
 32502 | Vaults:2 | Slain by a tengu reaver

Illustrated notes

Levels and vault maps discovered:
D:1:      dpeg_arrival_refuge, layout_basic
D:2:      lemuel_upstairs_altar, layout_basic
D:3:      layout_basic, dk_noncrumbling_4, kennysheep_slug_shrine
D:4:      layout_basic, tgw_xom
D:5:      layout_basic, temple_doors_ab, nicolae_ossuary_entry_monument,
          uniq_grinder
D:6:      layout_basic, nzn_hepliaklqana_mist_gate
D:7:      kennysheep_seaside_town, layout_basic, nicolae_ashenzari_panopticon,
          gammafunk_temple_overflow_claw, serial_co_window_serial,
          co_window_paths_a, co_window_paths_a, co_window_paths_a,
          co_window_paths_a, co_window_corner_a, co_window_corner_a,
          co_window_of_opportunity_a, co_window_paths_a, co_window_paths_a,
          co_window_corner_cb, co_window_paths_c, glass_columns_b,
          glass_columns_b, glass_columns_c, glass_columns_b
D:8:      layout_cave_pools, lemuel_mausoleum_altar_kikubaaqudgha,
          serial_gnoll_camp, grums_kennel, gnoll_camp_mini_hut,
          gnoll_camp_mini_house, gnoll_camp_mini_house, uniq_pikel
D:9:      layout_roguey, erik_lair_orcish_takeover,
          minmay_orc_entry_temple_small
D:10:     layout_cave_pools
D:11:     layout_long_grid, portal_ice_cave_demonic_guard,
          minmay_increasing_density
D:12:     layout_basic, uniq_frances
D:13:     layout_roguey, erik_vaults_1, gammafunk_ghost_nasty_kobolds,
          basic_altar, gauntlet_entry_generic, uniq_snorg
D:14:     layout_rooms, chequers_serial_rivers_room_b,
          nicolae_qazlal_style_of_elements
D:15:     grunt_enter_depths_giant_problem, layout_rooms
Temple:   minmay_freezing_vapour_temple
Lair:1:   layout_small_grid, serial_bayou_shore_b
Lair:2:   layout_concentric_octagons, nicolae_spider_entry_non_spiders,
          fungi_pond_lemuel, minmay_lair_oklob_bushes, serial_bayou_shore_a,
          infiniplex_staircase_pool_2
Lair:3:   layout_gridlike, minmay_shoals_entry_lonely_mermaid,
          kennysheep_snail_temple, grunt_megastairs_1
Lair:4:   layout_regular_city, serial_forest, infiniplex_forest_straight_5,
          infiniplex_forest_lined_3, infiniplex_forest_clump_cross,
          infiniplex_forest_clump_tiny, infiniplex_forest_lined_room_2,
          infiniplex_forest_clump_small, infiniplex_forest_lined_2,
          infiniplex_forest_clump_small, infiniplex_forest_lined_3,
          infiniplex_forest_lined_corner, uniq_kirke
Lair:5:   layout_roguey, amcnicky_altar_gilded
Lair:6:   gammafunk_lair_ancient_temple, layout_long_grid, slime_altar_2
Spider:1: layout_spider_delve, guppyfry_spider_mini_2, uniq_nikola, uniq_azrael
Spider:2: layout_spider_delve, gammafunk_ghost_necromancy
Spider:3: layout_spider_delve, minivault_29, uniq_aizul
Spider:4: johnstein_spider_rune_arachne_lair, gammafunk_ghost_tricky_traps,
          drop_trap, nicolae_spider_nook, uniq_arachne
Orc:1:    layout_diamond_mine, nicolae_orc_flooded_monolith, trog_butcher_becter
Orc:2:    st_orc_rangers, layout_diamond_mine, nicolae_orc_sculptors_studio,
          bloody_makhleb
Vaults:1: nicolae_vaults_holding_cells, vaults_dpeg_diagonal,
          nicolae_vaults_little_squares_1, nicolae_vaults_network_periphery,
          v_misc_18, vaults_room_pool, hangedman_vaults_stretched_pinwheel,
          nicolae_vaults_little_squares_6, layout_vaults_omnigrid
Vaults:2: gammafunk_sealed_library, vaults_room_fours, hangedman_vaults_slither,
          v_rooms_4, vaults_room_ringed_pool, v_misc_27,
          nicolae_vaults_little_squares_4, grunt_vaults_hallway_short,
          hangedman_vaults_corner, v_alt_pattern_2, v_alt_pattern_4,
          vaults_room_door_ring, v_misc_25, layout_vaults_omnibox, uniq_margery

Skill      XL: |  1  2  3  4  5  6  7  8  9 10 11 12 13 14 15 16 17 18 |
---------------+-------------------------------------------------------+-----
Fighting       | 4 5 6 7 8 9 10 11 12 13 14 | 14.8
Armour         | 4 5 6 7 8 9 10 11 12 | 12.8
Dodging        | 1 2 3 4 5 6 7 8 9 |  9.2
Shields        | 4 5 7 8 10 11 13 14 16 17 18 19 20 | 20.6
Long Blades    | 3 5 7 9 10 11 12 13 14 15 16 17 | 17.7
Throwing       | 1 2 3 4 6 8 10 11 | 11.6
Invocations    | 2 4 5 7 8 10 11 12 13 | 13.5
Short Blades   | 1 2 |  2.3
Evocations     | 1 |  1.1
Unarmed Combat | |  0.7

Action                   |  1- 3 |  4- 6 |  7- 9 | 10-12 | 13-15 | 16-18 || total
-------------------------+-------+-------+-------+-------+-------+-------++-------
Melee: Long sword        |    87 |   155 |   456 |   382 |   789 |       ||  1869
       Headbutt          |     9 |    28 |   120 |   174 |   275 |   153 ||   759
       Scimitar          |       |       |       |   393 |   121 |       ||   514
       Short sword       |       |       |       |    10 |    24 |       ||    34
       Unarmed           |       |       |       |       |    14 |       ||    14
       Double sword      |       |       |       |       |    44 |   761 ||   805
Throw: Stone             |    41 |    46 |    16 |       |       |     9 ||   112
       Boomerang         |       |       |       |    74 |    58 |   290 ||   422
       Dart              |       |       |       |     8 |     3 |       ||    11
       Javelin           |       |       |       |       |   129 |    16 ||   145
Invok: Cleansing Flame   |       |       |       |     2 |     7 |     1 ||    10
       Divine Shield     |       |       |       |     2 |     1 |     3 ||     6
       Summon Divine War |       |       |       |     2 |     1 |     1 ||     4
Evoke: Wand              |       |       |       |       |     8 |     5 ||    13
  Use: Scroll            |     9 |     3 |    14 |     5 |    13 |     2 ||    46
       Potion            |       |       |     2 |     2 |     4 |     5 ||    13
 Stab: Distracted        |       |     1 |       |       |       |       ||     1
Armor: Scale mail        |    27 |    53 |       |       |       |       ||    80
       Chain mail        |       |    15 |   115 |   190 |   210 |   208 ||   738
       Skin              |       |       |       |       |     1 |       ||     1
Dodge: Dodged            |    39 |    49 |    74 |   101 |   138 |   146 ||   547
Block: Kite shield       |    55 |    78 |   152 |       |       |       ||   285
       Tower shield      |       |       |   163 |   850 |   974 |  1025 ||  3012
       Reflection        |       |       |     2 |    30 |    25 |   104 ||   161
       Rpst.: Long sword |    10 |    13 |    25 |     7 |    19 |       ||    74
       Scimitar          |       |       |       |    10 |     2 |       ||    12
       Double sword      |       |       |       |       |     6 |    30 ||    36
